 Dungeon Crawl Stone Soup version 0.21-a0-531-gacddea6 (webtiles) character file.

24 Amnesiac the Vexing (level 2, 0/16 HPs)
             Began as a Deep Elf Arcane Marksman on Dec 12, 2017.
             Slain by a worm (9 damage)
             ... on level 2 of the Dungeon.
             The game lasted 00:02:33 (1270 turns).

Amnesiac the Vexing (Deep Elf Arcane Marksman)      Turns: 1270, Time: 00:02:34

Health: 0/16       AC:  3    Str:  7    XL:     2   Next: 79%
Magic:  2/6        EV: 13    Int: 17    God:
Gold:   55         SH:  0    Dex: 15    Spells: 1/4 levels left

rFire    . . .     SeeInvis .   b - +0 mace
rCold    . . .     Gourm    .   (no shield)
rNeg     . . .     Faith    .   e - +0 robe
rPois    .         Spirit   .   (no helmet)
rElec    .         Reflect  .   (no cloak)
rCorr    .         Harm     .   g - +0 pair of gloves
MR       .....                  (no boots)
Stlth    +.........             (no amulet)
HPRegen  0.05/turn              (no ring)
MPRegen  0.10/turn              (no ring)

@: no status effects
A: no striking features
a: no special abilities


You were on level 2 of the Dungeon.
You were not hungry.

You visited 1 branch of the dungeon, and saw 2 of its levels.

You collected 55 gold pieces.

Inventory:

Hand Weapons
 a - a +0 shortbow
 b - a +0 mace (weapon)
Missiles
 d - 41 arrows
Armour
 e - a +0 robe (worn)
 g - a +0 pair of gloves (worn)
Scrolls
 j - a scroll of amnesia {!r, unknown}
Potions
 h - 2 potions of lignification {!q, unknown}
Books
 c - a book of Debilitation

   Spells                             Type                      Level
   a - Corona                         Hexes                        1
   b - Slow                           Hexes                        2
   c - Inner Flame                    Hexes/Fire                   3
   d - Portal Projectile              Hexes/Translocation          3
   e - Cause Fear                     Hexes                        4
   f - Leda's Liquefaction            Hexes/Earth                  4
Comestibles
 f - a bread ration
 i - 2 meat rations


   Skills:
 + Level 1.0 Fighting
 * Level 2.7 Bows
 + Level 2.6 Dodging
 + Level 1.8 Spellcasting
 * Level 4.6 Hexes


You had one spell level left.
You knew the following spells:

 Your Spells              Type           Power        Failure   Level  Hunger
a - Corona                Hex            ###....      3%          1    #......
e - Slow                  Hex            ###.....     4%          2    ###....


Dungeon Overview and Level Annotations

Branches:
Dungeon (2/15)

Altars:

Annotations:
D:2 Terence


Message History

There are monsters nearby!
Press: ? - help, v - describe, . - travel
Here: Terence, wielding a morningstar of protection and wearing a scale mail (resting)
The floor.
Unknown command.
A worm comes into view.
Casting: Corona
Confirm with . or Enter, or press ? or * to list all spells.
Aiming: Slow
Press: ? - help, Shift-Dir - straight line, f - worm
Aim: a worm (chance to defeat MR: 63%)
The worm resists with significant effort.
Casting: Slow
Confirm with . or Enter, or press ? or * to list all spells.
Aiming: Corona
Press: ? - help, Shift-Dir - straight line, f/p - worm
Aim: a worm (chance to defeat MR: 63%)
The worm struggles to resist.
Casting: Corona
Confirm with . or Enter, or press ? or * to list all spells.
Aiming: Slow
Press: ? - help, Shift-Dir - straight line, f/p - worm
Aim: a worm (chance to defeat MR: 63%)
The worm seems to slow down.
Casting: Slow
Confirm with . or Enter, or press ? or * to list all spells.
Aiming: Corona
Press: ? - help, Shift-Dir - straight line, f/p - worm
Aim: a worm (slow, chance to defeat MR: 63%)
The worm is outlined in light.
You hit the worm but do no damage. You hit the worm but do no damage.
The worm misses you.
You hit the worm.
The worm is lightly wounded.
You completely miss the worm.
The worm is lightly wounded.
The worm barely misses you.
You hit the worm.
The worm is moderately wounded.
The worm closely misses you.
You hit the worm.
The worm is heavily wounded.
You hit the worm.
The worm is severely wounded.
The worm misses you.
You hit the worm.
The worm is severely wounded.
The worm stops glowing.
You barely miss the worm.
The worm is severely wounded.
The worm bites you!
All of the chunks of flesh in your inventory have rotted away.
You hit the worm.
The worm is severely wounded.
You hit the worm but do no damage.
The worm is severely wounded.
The worm barely misses you.
You hit the worm but do no damage.
The worm is severely wounded.
You barely miss the worm.
The worm is severely wounded.
The worm bites you!
Ouch! That really hurt!
You die...

###### .....# ..##.# #.##.#
#.##.# #.##.#####
####.##.#...###########.##
##.........#...@w.........#
#............###########..#
#..##.##.##.##
#..##.##.##.########
#..#...............s
##.......>...#...#.##
.......#..##........@
........####.#...#.##
##.##..## #.##.## #


You could see a worm.

Vanquished Creatures
  6 hobgoblins
  4 jackals (D:2)
  2 ball pythons
  6 bats
  2 frilled lizards (D:1)
  A kobold (D:1)
  2 rats
23 creatures vanquished.

Notes
Turn   | Place    | Note
-------+----------+-------------------------------------------
     0 | D:1      | Amnesiac the Deep Elf Arcane Marksman began the quest for the Orb.
     0 | D:1      | Reached XP level 1. HP: 11/11 MP: 5/5
   712 | D:1      | Reached skill level 1 in Fighting
   712 | D:1      | Reached XP level 2. HP: 16/16 MP: 3/6
   716 | D:1      | Learned a level 2 spell: Slow
  1237 | D:2      | Noticed Terence
  1270 | D:2      | Slain by a worm

Vault maps used:
D:1:      dpeg_arrival_pond
D:2:      grunt_temple_overflow_cloverleaf, uniq_terence

Skill      XL: |  1 |
---------------+----+-----
Fighting       | 1 |  1.0
Bows           | |  2.7
Dodging        | |  2.6
Spellcasting   | |  1.8
Hexes          | |  4.6

Action                   || total
-------------------------++-------
Melee: Mace              ||    81
 Cast: Corona            ||    33
       Slow              ||     2
 Stab: Sleeping          ||     2
  Eat: Chunk             ||     2
Armor: Robe              ||    43
Dodge: Dodged            ||    99

Table legend:
 A = Spawn XP
 B = Non-spawn XP
 C = Spawn XP percentage of total XP
 D = Spawn monster count
 E = Non-spawn monster count
 F = Spawn count percentage of total count
 G = Total turns spent on level
                    A         B        C        D         E        F      G
               +---------+---------+-------+---------+---------+-------+---------
         Total |       0 |      35 |   0.0 |       0 |      23 |   0.0 |  1270
               +---------+---------+-------+---------+---------+-------+---------
           D:1 |       0 |      19 |   0.0 |       0 |      13 |   0.0 |  1010
           D:2 |       0 |      16 |   0.0 |       0 |      10 |   0.0 |   260
               +---------+---------+-------+---------+---------+-------+---------
